Map: King Sejong Station LE

Players

Miszu

  • Race: Protoss Protoss
  • League: Master

lllIIIlllIII - Winner!

  • Race: Protoss Protoss
  • League: Grandmaster

VOD

Have the link to the VOD?

Description

Time

  • Played on: July 2, 2016, 4:35 p.m.
  • Length: 6:57
Show
View Real Time Build Order
Export as new Build Order

Miszu Protoss 

Build Orders:  

Get SALT Encoding   

  12  0:01  Probe (Chrono Boost)  
  13  0:11  Probe (Chrono Boost)  
  14  0:18  Pylon  
  14  0:22  Probe (Chrono Boost)  
  15  0:36  Probe (Chrono Boost)  
  15  0:37  Gateway  
  16  0:47  Probe (Chrono Boost)  
  17  0:52  Assimilator  
  17  0:54  Assimilator  
  17  0:58  Probe (Chrono Boost)  
  18  1:05  Pylon  
  18  1:08  Probe (Chrono Boost)  
  19  1:21  Gateway  
  19  1:29  Cybernetics Core  
  19  1:34  Probe (Chrono Boost)  
  20  1:45  Probe (Chrono Boost)  
  21  1:55  Probe (Chrono Boost)  
  22  2:07  Adept, Mothership Core (Chrono Boost)  
  26  2:09  Adept  
  28  2:18  Pylon, Warp Gate  
  28  2:35  Stalker  
  28  2:36  Stalker  
  32  3:01  Nexus  
  32  3:09  Stalker  
  34  3:19  Stalker  
  29  3:35  Probe (Chrono Boost)  
  30  3:46  Probe (Chrono Boost)  
  31  3:56  Probe (Chrono Boost)  
  31  3:59  Twilight Council  
  32  4:07  Probe (Chrono Boost)  
  33  4:15  Probe (Chrono Boost)  
  34  4:17  Probe (Chrono Boost)  
  34  4:21  Sentry x2  
  39  4:25  Pylon  
  39  4:26  Probe (Chrono Boost)  
  39  4:28  Probe (Chrono Boost)  
  41  4:35  Blink (Chrono Boost), Probe (Chrono Boost)  
  42  4:39  Probe  
  43  4:47  Robotics Facility, Probe  
  43  4:52  Probe  
  45  4:58  Probe  
  46  5:04  Probe  
  46  5:06  Gateway  
  47  5:11  Gateway  
  47  5:16  Probe  
  47  5:17  Probe  
  49  5:23  Gateway  
  49  5:26  Probe  
  50  5:29  Probe  
  50  5:34  Warp Prism  
  53  5:41  Gateway  
  53  5:43  Pylon  
  53  5:50  Stalker  
  53  5:52  Stalker  
  57  5:59  Pylon  
  57  6:05  Stalker  
  57  6:06  Stalker  
  61  6:24  Stalker x3  
  67  6:38  Pylon  
  67  6:39  Pylon  
  67  6:49  Stalker x4  
Show
View Real Time Build Order
Export as new Build Order

lllIIIlllIII Protoss - Winner!

Build Orders:  

Get SALT Encoding   

  12  0:01  Probe (Chrono Boost)  
  13  0:12  Probe (Chrono Boost)  
  14  0:18  Pylon  
  14  0:22  Probe (Chrono Boost)  
  15  0:36  Probe (Chrono Boost)  
  15  0:39  Gateway  
  16  0:46  Probe (Chrono Boost)  
  16  0:49  Assimilator  
  18  0:57  Probe (Chrono Boost)  
  18  1:07  Probe (Chrono Boost)  
  19  1:11  Assimilator  
  19  1:18  Gateway, Probe (Chrono Boost)  
  20  1:29  Probe (Chrono Boost)  
  21  1:39  Cybernetics Core, Probe (Chrono Boost)  
  22  1:46  Pylon  
  22  1:50  Probe (Chrono Boost)  
  23  2:04  Probe (Chrono Boost)  
  24  2:17  Mothership Core (Chrono Boost)  
  24  2:18  Adept (Chrono Boost)  
  24  2:19  Adept (Chrono Boost), Warp Gate (Chrono Boost)  
  30  2:27  Pylon  
  30  2:45  Stalker x2  
  34  3:05  Nexus  
  34  3:09  Pylon  
  33  3:30  Sentry  
  33  3:32  Probe  
  34  3:37  Sentry  
  34  3:39  Robotics Facility  
  34  3:44  Probe (Chrono Boost)  
  35  3:55  Probe (Chrono Boost)  
  36  4:03  Twilight Council  
  36  4:06  Probe (Chrono Boost)  
  37  4:16  Probe (Chrono Boost)  
  38  4:19  Probe (Chrono Boost)  
  39  4:27  Observer, Probe (Chrono Boost)  
  39  4:30  Probe (Chrono Boost)  
  42  4:37  Probe (Chrono Boost)  
  43  4:39  Oracle  
  43  4:40  Probe (Chrono Boost)  
  44  4:47  Blink (Chrono Boost), Immortal  
  44  4:48  Probe (Chrono Boost)  
  44  4:51  Probe (Chrono Boost)  
  50  4:58  Probe (Chrono Boost)  
  51  5:01  Probe (Chrono Boost)  
  51  5:04  Gateway x2  
  52  5:07  Pylon  
  52  5:09  Probe (Chrono Boost)  
  52  5:12  Probe (Chrono Boost)  
  54  5:14  Assimilator  
  54  5:19  Probe (Chrono Boost)  
  55  5:21  Immortal  
  55  5:22  Probe  
  55  5:28  Pylon  
  60  5:31  Probe  
  60  5:34  Probe  
  62  5:47  Gateway  
  62  5:48  Gateway  
  62  5:50  Assimilator  
  62  5:51  Gateway  
  62  5:52  Sentry x2  
  66  5:58  Immortal  
  70  6:07  Pylon  
  70  6:09  Pylon  
  70  6:11  Pylon  
  70  6:15  Pylon  
  70  6:18  Probe x2  
  72  6:26  Stalker  
  72  6:27  Stalker x2  
  72  6:30  Probe  
  79  6:34  Stalker  
  85  6:47  Stalker  
  84  6:55  Stalker x2  
  84  6:56  Stalker  
Tags
 
Add a new tag
Caveats
  • Supply blocks, unpowered buildings, or Contaminate may cause inaccurate times.
  • Supply counts are checked every 10 seconds.